Workbook

Sheet Dépenses
A1: Suivi des dépenses partagées
A2: Mode d'emploi : saisissez les prénoms dans la feuille Personnes, puis ajoutez une ligne par dépense ci-dessous.
A3: Mettez un 1 sous chaque personne qui partage la dépense et laissez les autres vides. La part par personne se calcule toute seule.
A4: La feuille Personnes indique qui a payé, qui doit combien, et ce qu'il faut envoyer à l'organisateur.
A6: Date | B6: Description | C6: Montant | D6: Payé par | E6: Partagé entre | F6: Part par personne | G6: =IF('Personnes'!$B$4="","",'Personnes'!$B$4) | H6: =IF('Personnes'!$B$5="","",'Personnes'!$B$5) | I6: =IF('Personnes'!$B$6="","",'Personnes'!$B$6) | J6: =IF('Personnes'!$B$7="","",'Personnes'!$B$7) | K6: =IF('Personnes'!$B$8="","",'Personnes'!$B$8) | L6: =IF('Personnes'!$B$9="","",'Personnes'!$B$9) | M6: =IF('Personnes'!$B$10="","",'Personnes'!$B$10) | N6: =IF('Personnes'!$B$11="","",'Personnes'!$B$11) | O6: =IF('Personnes'!$B$12="","",'Personnes'!$B$12) | P6: =IF('Personnes'!$B$13="","",'Personnes'!$B$13)
A7: 46248 | B7: Courses | C7: 84 | D7: Camille | E7: =SUM(G7:P7) | F7: =IF(E7>0,C7/E7,0) | G7: 1 | H7: 1 | I7: 1 | J7: 1 | K7: 0 | L7: 0 | M7: 0 | N7: 0 | O7: 0 | P7: 0
A8: 46249 | B8: Facture Internet | C8: 60 | D8: Lucas | E8: =SUM(G8:P8) | F8: =IF(E8>0,C8/E8,0) | G8: 1 | H8: 1 | I8: 1 | J8: 1 | K8: 0 | L8: 0 | M8: 0 | N8: 0 | O8: 0 | P8: 0
A9: 46250 | B9: Produits d'entretien | C9: 24 | D9: Chloé | E9: =SUM(G9:P9) | F9: =IF(E9>0,C9/E9,0) | G9: 1 | H9: 1 | I9: 1 | J9: 1 | K9: 0 | L9: 0 | M9: 0 | N9: 0 | O9: 0 | P9: 0
A10: 46251 | B10: Facture d'électricité | C10: 112 | D10: Camille | E10: =SUM(G10:P10) | F10: =IF(E10>0,C10/E10,0) | G10: 1 | H10: 1 | I10: 1 | J10: 1 | K10: 0 | L10: 0 | M10: 0 | N10: 0 | O10: 0 | P10: 0
A11: 46252 | B11: Dîner ensemble | C11: 96 | D11: Lucas | E11: =SUM(G11:P11) | F11: =IF(E11>0,C11/E11,0) | G11: 1 | H11: 1 | I11: 1 | J11: 0 | K11: 0 | L11: 0 | M11: 0 | N11: 0 | O11: 0 | P11: 0
E12: =SUM(G12:P12) | F12: =IF(E12>0,C12/E12,0)
E13: =SUM(G13:P13) | F13: =IF(E13>0,C13/E13,0)
E14: =SUM(G14:P14) | F14: =IF(E14>0,C14/E14,0)
E15: =SUM(G15:P15) | F15: =IF(E15>0,C15/E15,0)
E16: =SUM(G16:P16) | F16: =IF(E16>0,C16/E16,0)
E17: =SUM(G17:P17) | F17: =IF(E17>0,C17/E17,0)
E18: =SUM(G18:P18) | F18: =IF(E18>0,C18/E18,0)
E19: =SUM(G19:P19) | F19: =IF(E19>0,C19/E19,0)
E20: =SUM(G20:P20) | F20: =IF(E20>0,C20/E20,0)
E21: =SUM(G21:P21) | F21: =IF(E21>0,C21/E21,0)
E22: =SUM(G22:P22) | F22: =IF(E22>0,C22/E22,0)
E23: =SUM(G23:P23) | F23: =IF(E23>0,C23/E23,0)
... E46: =SUM(G46:P46) | F46: =IF(E46>0,C46/E46,0)

Sheet Personnes
A1: Personnes
A3: N° | B3: Prénom | C3: Payé | D3: Part | E3: Solde
A4: 1 | B4: Camille | C4: =IF($B4="",0,SUMIF('Dépenses'!$D$7:$D$46,$B4,'Dépenses'!$C$7:$C$46)) | D4: =SUMPRODUCT('Dépenses'!$F$7:$F$46,'Dépenses'!$G$7:$G$46) | E4: =C4-D4
A5: 2 | B5: Lucas | C5: =IF($B5="",0,SUMIF('Dépenses'!$D$7:$D$46,$B5,'Dépenses'!$C$7:$C$46)) | D5: =SUMPRODUCT('Dépenses'!$F$7:$F$46,'Dépenses'!$H$7:$H$46) | E5: =C5-D5
A6: 3 | B6: Chloé | C6: =IF($B6="",0,SUMIF('Dépenses'!$D$7:$D$46,$B6,'Dépenses'!$C$7:$C$46)) | D6: =SUMPRODUCT('Dépenses'!$F$7:$F$46,'Dépenses'!$I$7:$I$46) | E6: =C6-D6
A7: 4 | B7: Hugo | C7: =IF($B7="",0,SUMIF('Dépenses'!$D$7:$D$46,$B7,'Dépenses'!$C$7:$C$46)) | D7: =SUMPRODUCT('Dépenses'!$F$7:$F$46,'Dépenses'!$J$7:$J$46) | E7: =C7-D7
A8: 5 | C8: =IF($B8="",0,SUMIF('Dépenses'!$D$7:$D$46,$B8,'Dépenses'!$C$7:$C$46)) | D8: =SUMPRODUCT('Dépenses'!$F$7:$F$46,'Dépenses'!$K$7:$K$46) | E8: =C8-D8
A9: 6 | C9: =IF($B9="",0,SUMIF('Dépenses'!$D$7:$D$46,$B9,'Dépenses'!$C$7:$C$46)) | D9: =SUMPRODUCT('Dépenses'!$F$7:$F$46,'Dépenses'!$L$7:$L$46) | E9: =C9-D9
A10: 7 | C10: =IF($B10="",0,SUMIF('Dépenses'!$D$7:$D$46,$B10,'Dépenses'!$C$7:$C$46)) | D10: =SUMPRODUCT('Dépenses'!$F$7:$F$46,'Dépenses'!$M$7:$M$46) | E10: =C10-D10
A11: 8 | C11: =IF($B11="",0,SUMIF('Dépenses'!$D$7:$D$46,$B11,'Dépenses'!$C$7:$C$46)) | D11: =SUMPRODUCT('Dépenses'!$F$7:$F$46,'Dépenses'!$N$7:$N$46) | E11: =C11-D11
A12: 9 | C12: =IF($B12="",0,SUMIF('Dépenses'!$D$7:$D$46,$B12,'Dépenses'!$C$7:$C$46)) | D12: =SUMPRODUCT('Dépenses'!$F$7:$F$46,'Dépenses'!$O$7:$O$46) | E12: =C12-D12
A13: 10 | C13: =IF($B13="",0,SUMIF('Dépenses'!$D$7:$D$46,$B13,'Dépenses'!$C$7:$C$46)) | D13: =SUMPRODUCT('Dépenses'!$F$7:$F$46,'Dépenses'!$P$7:$P$46) | E13: =C13-D13
B14: Total | C14: =SUM(C4:C13) | D14: =SUM(D4:D13) | E14: =SUM(E4:E13) | F14: Le total des soldes doit être 0
A16: Régler avec l'organisateur
A17: La personne 1 est l'organisateur. Chacun des autres fait ou reçoit un seul paiement.
A18: Personne | B18: Verse à l'organisateur | C18: Reçoit de l'organisateur
A19: =IF($B$5="","",$B$5) | B19: =IF($A19="",0,IF($E$5<0,ABS($E$5),0)) | C19: =IF($A19="",0,IF($E$5>0,$E$5,0))
A20: =IF($B$6="","",$B$6) | B20: =IF($A20="",0,IF($E$6<0,ABS($E$6),0)) | C20: =IF($A20="",0,IF($E$6>0,$E$6,0))
A21: =IF($B$7="","",$B$7) | B21: =IF($A21="",0,IF($E$7<0,ABS($E$7),0)) | C21: =IF($A21="",0,IF($E$7>0,$E$7,0))
A22: =IF($B$8="","",$B$8) | B22: =IF($A22="",0,IF($E$8<0,ABS($E$8),0)) | C22: =IF($A22="",0,IF($E$8>0,$E$8,0))
A23: =IF($B$9="","",$B$9) | B23: =IF($A23="",0,IF($E$9<0,ABS($E$9),0)) | C23: =IF($A23="",0,IF($E$9>0,$E$9,0))
A24: =IF($B$10="","",$B$10) | B24: =IF($A24="",0,IF($E$10<0,ABS($E$10),0)) | C24: =IF($A24="",0,IF($E$10>0,$E$10,0))
A25: =IF($B$11="","",$B$11) | B25: =IF($A25="",0,IF($E$11<0,ABS($E$11),0)) | C25: =IF($A25="",0,IF($E$11>0,$E$11,0))
A26: =IF($B$12="","",$B$12) | B26: =IF($A26="",0,IF($E$12<0,ABS($E$12),0)) | C26: =IF($A26="",0,IF($E$12>0,$E$12,0))
A27: =IF($B$13="","",$B$13) | B27: =IF($A27="",0,IF($E$13<0,ABS($E$13),0)) | C27: =IF($A27="",0,IF($E$13>0,$E$13,0))
A28: Total | B28: =SUM(B19:B27) | C28: =SUM(C19:C27)
